 Dungeon Crawl Stone Soup version 0.20.0-15-g7f486f2 (webtiles) character file.

366 theemperora the Firebug (level 6, -8/32 HPs)
             Began as a Deep Elf Fire Elementalist on June 10, 2017.
             Mangled by asdasd2's ghost (14 damage)
             ... on level 4 of the Dungeon.
             The game lasted 00:26:12 (4460 turns).

theemperora the Firebug (DEFE)                      Turns: 4460, Time: 00:26:14

Health: -8/32      AC:  3    Str:  6    XL:     6   Next: 40%
Magic:  10/15      EV: 18    Int: 23    God:
Gold:   270        SH:  0    Dex: 15    Spells: 4/14 levels left

rFire    . . .     SeeInvis .   d - +2 whip (venom)
rCold    . . .     Gourm    +   (no shield)
rNeg     . . .     Faith    .   a - +1 robe
rPois    .         Spirit   .   (no helmet)
rElec    .         Reflect  .   (no cloak)
rCorr    .         Harm     .   (no gloves)
MR       .....                  (no boots)
Stlth    ++........             l - amulet of the gourmand
Regen    0.1/turn               k - +5 ring of evasion
MPRegen  0.2/turn               n - +2 ring of intelligence

@: no status effects
A: no striking features
a: no special abilities


You were on level 4 of the Dungeon.
You were not hungry.

You visited 1 branch of the dungeon, and saw 4 of its levels.

You collected 270 gold pieces.

Inventory:

Hand Weapons
 d - a +2 whip of venom (weapon)
Missiles
 e - 179 stones (quivered)
Armour
 a - a +1 robe (worn)
 s - a +2 pair of gloves
Jewellery
 i - an uncursed ring of see invisible
 k - a +5 ring of evasion (left hand)
 l - an amulet of the gourmand (around neck)
 n - a +2 ring of intelligence (right hand)
 p - an uncursed ring of ice {unknown}
Wands
 r - a wand of flame (38/48)
Scrolls
 f - a scroll of recharging
Potions
 j - a potion of brilliance
 o - a potion of heal wounds {unknown}
 q - a potion of curing
Books
 b - a book of Flames

   Spells                             Type                      Level
   a - Flame Tongue                   Conjuration/Fire             1
   b - Throw Flame                    Conjuration/Fire             2
   c - Conjure Flame                  Conjuration/Fire             3
   d - Inner Flame                    Hexes/Fire                   3
   e - Sticky Flame                   Conjuration/Fire             4
   f - Fireball                       Conjuration/Fire             5
 g - a book of Minor Magic

   Spells                             Type                      Level
   a - Magic Dart                     Conjuration                  1
   b - Blink                          Translocation                2
   c - Call Imp                       Summoning                    2
   d - Slow                           Hexes                        2
   e - Conjure Flame                  Conjuration/Fire             3
   f - Mephitic Cloud                 Conjuration/Poison/Air       3
Comestibles
 c - 2 bread rations
 h - 4 fruits
 m - 2 royal jellies


   Skills:
 - Level 0.1 Maces & Flails
 + Level 3.0 Dodging
 + Level 3.5 Stealth
 + Level 4.7 Spellcasting
 - Level 2.2 Conjurations
 * Level 6.3 Fire Magic


You had 4 spell levels left.
You knew the following spells:

 Your Spells              Type           Power        Failure   Level  Hunger
a - Flame Tongue          Conj/Fire      ####.        1%          1    None
b - Conjure Flame         Conj/Fire      ####....     4%          3    ##.....
c - Throw Flame           Conj/Fire      ####..       2%          2    None
d - Sticky Flame          Conj/Fire      ####....     16%         4    ####...


Dungeon Overview and Level Annotations

Branches:
Dungeon (4/15)
 Temple: D:4-7

Altars:
Makhleb
Trog
Yredelemnul

Annotations:
D:4 asdasd2's ghost, novice MiFi


Message History

Aiming: Flame Tongue
Press: ? - help, Shift-Dir - straight line, f/p - asdasd2's ghost
Aim: asdasd2's ghost (flame, lightly damaged)
The flame tongue hits asdasd2's ghost.
Asdasd2's ghost is lightly damaged.
Asdasd2's ghost is engulfed in blazing flames.
Asdasd2's ghost hits you!
Asdasd2's ghost is engulfed in blazing flames.
Asdasd2's ghost hits you!
Asdasd2's ghost is engulfed in blazing flames.
Asdasd2's ghost says, "What do you have that I didn't have?"
Asdasd2's ghost barely misses you. Asdasd2's ghost hits you!
* * * LOW HITPOINT WARNING * * *
Asdasd2's ghost misses you.
Your magical contamination has completely faded away.
Found a trident.
Found a stone staircase leading up.
Asdasd2's ghost hits you!
You die...

##.# #.. .#. ... ..# ##.# #.# #.#
#.# #.# ## ##.###.###.## #.# #.#
#.### ##..........# #.###.## #...
######.###.<# #.##...### ##.# #
#[# #..# ##.##.#..#.## ##. # #.#
#..# ##...#....##.###.# # #.#
#..####.W...........#.##
######.###......@.....#####.#.###
.............###...)<.# #.#.# #
######.####...........# #.#.# #
#<....###.########.## #.#.# #
#.###.###.# #.##.##.#.# # #.#
#...))# #.. #...#.# # #.###.###)#
##.###....# # #.....# #.######
#.##### # ####### #......# #.# #


You could see asdasd2's ghost.

Vanquished Creatures
  An ogre (D:4)
  An orc priest (D:4)
  An iguana (D:4)
  A worker ant (D:4)
  An orc wizard (D:4)
  7 adders
  2 oozes
  2 dart slugs (D:1)
  2 leopard geckos (D:2)
  4 orcs
  2 ball pythons
  5 bats
  6 giant cockroaches
  11 goblins
  15 hobgoblins
  7 jackals
  2 quokkas (D:3)
  4 frilled lizards
  11 kobolds
  6 rats
91 creatures vanquished.

Notes
Turn   | Place    | Note
-------+----------+-------------------------------------------
     0 | D:1      | theemperora the Deep Elf Fire Elementalist began the quest for the Orb.
     0 | D:1      | Reached XP level 1. HP: 10/10 MP: 6/6
   154 | D:1      | Reached XP level 2. HP: 15/15 MP: 6/8
   421 | D:1      | Reached skill level 4 in Fire Magic
   548 | D:1      | Reached XP level 3. HP: 19/19 MP: 5/10
   656 | D:1      | Learned a level 3 spell: Conjure Flame
   659 | D:1      | Learned a level 2 spell: Throw Flame
  1440 | D:2      | Reached XP level 4. HP: 23/24 MP: 4/11
  1446 | D:2      | Learned a level 4 spell: Sticky Flame
  2697 | D:3      | Reached skill level 5 in Fire Magic
  2883 | D:3      | Reached XP level 5. HP: 28/28 MP: 4/13
  3044 | D:3      | Found a basalt altar of Yredelemnul.
  3044 | D:3      | Found a burning altar of Makhleb.
  3117 | D:3      | Found a bloodstained altar of Trog.
  3558 | D:4      | Noticed an ogre
  3609 | D:4      | Killed an ogre
  3609 | D:4      | Reached XP level 6. HP: 10/32 MP: 3/14
  3851 | D:4      | Reached skill level 6 in Fire Magic
  3907 | D:4      | Noticed asdasd2's ghost (novice MiFi)
  4460 | D:4      | Mangled by asdasd2's ghost

Skill      XL: |  1  2  3  4  5  6 |
---------------+-------------------+-----
Fire Magic     | 4 5 6 |  6.3
Conjurations   | 2 |  2.2
Spellcasting   | 4 |  4.7
Stealth        | 3 |  3.5
Dodging        | 3 |  3.0
Maces & Flails | |  0.1

Action                   |  1- 3 |  4- 6 || total
-------------------------+-------+-------++-------
Melee: Whip              |    11 |    20 ||    31
 Cast: Flame Tongue      |    50 |    36 ||    86
       Throw Flame       |    16 |    60 ||    76
       Sticky Flame      |       |     3 ||     3
       Conjure Flame     |       |     3 ||     3
  Use: Scroll            |     4 |     4 ||     8
       Potion            |     3 |       ||     3
  Eat: Meat ration       |     1 |       ||     1
       Bread ration      |       |     2 ||     2
       Chunk             |       |     1 ||     1
Armor: Robe              |     6 |     4 ||    10
Dodge: Dodged            |    24 |    34 ||    58
